 Dungeon Crawl Stone Soup version 0.21.0-34-g9234887 (webtiles) character file.

357 Lathuz the Chopper (level 6, 0/56 HPs)
             Began as a Minotaur Berserker on Jan 29, 2018.
             Was a Believer of Trog.
             Killed by vampiric draining
             ... invoked by Nicoed's ghost
              (5 damage)
             ... on level 4 of the Dungeon.
             The game lasted 00:11:00 (4268 turns).

Lathuz the Chopper (Minotaur Berserker)             Turns: 4268, Time: 00:11:01

Health: 0/56       AC:  7    Str: 23    XL:     6   Next: 36%
Magic:  5/5        EV: 12    Int:  4    God:    Trog [**....]
Gold:   145        SH:  0    Dex: 10    Spells: 5/5 levels left

rFire    . . .     SeeInvis .   v - +1 hand axe (venom)
rCold    . . .     Gourm    .   (no shield)
rNeg     . . .     Faith    .   n - +0 ring mail
rPois    .         Spirit   .   (helmet restricted)
rElec    .         Reflect  .   (no cloak)
rCorr    .         Harm     .   o - +0 pair of gloves
MR       .....                  (no boots)
Stlth    ..........             (no amulet)
HPRegen  0.18/turn              (no ring)
MPRegen  0.09/turn              (no ring)

@: no status effects
A: retaliatory headbutt, horns 2
a: Berserk, Trog's Hand, Burn Spellbooks, Renounce Religion


You were on level 4 of the Dungeon.
You worshipped Trog.
Trog was pleased with you.
You were not hungry.

You visited 1 branch of the dungeon, and saw 5 of its levels.

You collected 145 gold pieces.

Inventory:

Hand Weapons
 a - a +0 hand axe
 v - a +1 hand axe of venom (weapon)
Missiles
 h - 67 stones
 w - 2 tomahawks (quivered)
Armour
 k - a +0 leather armour
 n - a +0 ring mail (worn)
 o - a +0 pair of gloves (worn)
Jewellery
 u - an uncursed ring of protection from magic {unknown}
Scrolls
 d - a scroll of immolation {unknown}
 f - a scroll of amnesia {unknown}
 g - 3 scrolls of identify {unknown}
 j - 2 scrolls of enchant weapon {unknown}
 m - 2 scrolls of magic mapping {unknown}
 t - a scroll of remove curse {unknown}
Potions
 b - 3 potions of curing {unknown}
 e - a potion of ambrosia {unknown}
 i - 2 potions of brilliance {unknown}
 l - a potion of agility {unknown}
 p - a potion of might {unknown}
 q - a potion of invisibility {unknown}
 r - 2 potions of heal wounds {unknown}
 s - a potion of flight {unknown}
 x - a potion of mutation {unknown}
Comestibles
 c - 3 rations


   Skills:
 + Level 5.2 Fighting
 * Level 6.4 Axes
 + Level 4.3 Armour
 - Level 3.0 Dodging


You had 5 spell levels left.
You didn't know any spells.

Dungeon Overview and Level Annotations

Branches:
Dungeon (5/15)
 Temple: D:4-7

Altars:
Cheibriados
Dithmenos
Nemelex Xobeh
Okawaru
Sif Muna

Annotations:
D:4 Nicoed's ghost, novice OgNe


Innate Abilities, Weirdness & Mutations

You reflexively headbutt those who attack you in melee.
You have a pair of horns on your head.


Message History

Nicoed's ghost draws life force from you and is healed!
You barely miss Nicoed's ghost. Your headbutt misses Nicoed's ghost.
Nicoed's ghost is heavily damaged.
Nicoed's ghost barely misses you.
You barely miss Nicoed's ghost. You headbutt Nicoed's ghost!
Nicoed's ghost is severely damaged.
Nicoed's ghost hits you.
* * * LOW HITPOINT WARNING * * *
You hit Nicoed's ghost. You headbutt Nicoed's ghost.
Nicoed's ghost is severely damaged.
Nicoed's ghost gestures at you while chanting.
Pain shoots through your body!
* * * LOW HITPOINT WARNING * * *
You hit Nicoed's ghost.
Nicoed's ghost is severely damaged.
Nicoed's ghost closely misses you.
You hit Nicoed's ghost but do no damage.
Nicoed's ghost is severely damaged.
Nicoed's ghost is infused with unholy energy.
You die...

#.###.### ...##.##
#.#.)...# .... ...
#.#.#.#.##.... .##
#.#.#.#.# #.#(#.#.#.#
##### #.#(#...#.# .
....# #.#.#.....# #
....# #.#W#.######
....# #.#.@......#
....# #.###.####.#
....#########.#......#
................#..#.#
##..............##.#.#
#..............#..#.#
############'#.#.##.#
#.#.#.##.# #.#.#..#.#


You could see Nicoed's ghost.

Vanquished Creatures
  An ogre (D:4)
  A howler monkey (D:4)
  Natasha (thrice) (D:2)
  2 worker ants (D:4)
  2 gnolls (D:4)
  3 adders
  An adder skeleton (D:4)
  2 worms
  2 leopard geckos (D:1)
  2 orcs
  7 bats
  3 giant cockroaches
  3 goblins (D:1)
  6 hobgoblins
  7 jackals
  3 quokkas (D:2)
  A ball python (D:2)
  3 frilled lizards
  5 kobolds
  5 rats
62 creatures vanquished.

Notes
Turn   | Place    | Note
-------+----------+-------------------------------------------
     0 | D:1      | Lathuz the Minotaur Berserker began the quest for the Orb.
     0 | D:1      | Reached XP level 1. HP: 19/19 MP: 0/0
   240 | D:1      | Reached XP level 2. HP: 18/27 MP: 1/1
   361 | D:1      | Reached skill level 4 in Axes
   573 | D:1      | You fall through a shaft!
   656 | D:2      | Reached XP level 3. HP: 20/33 MP: 2/2
   844 | D:2      | Reached ** piety under Trog
  1351 | D:2      | Found a shadowy altar of Dithmenos.
  1528 | D:2      | Noticed Natasha
  1543 | D:2      | Killed Natasha
  1543 | D:2      | Reached XP level 4. HP: 7/41 MP: 3/3
  1603 | D:2      | Noticed Natasha
  1825 | D:2      | Killed Natasha
  1825 | D:2      | Reached skill level 5 in Axes
  2156 | D:2      | Noticed Natasha
  2165 | D:2      | Killed Natasha
  2165 | D:2      | Reached XP level 5. HP: 18/47 MP: 4/4
  2793 | D:3      | Found a snail-covered altar of Cheibriados.
  2793 | D:3      | Found a sparkling altar of Nemelex Xobeh.
  2794 | D:3      | Found a deep blue altar of Sif Muna.
  2804 | D:3      | Found an iron altar of Okawaru.
  3372 | D:5      | Entered Level 5 of the Dungeon
  3907 | D:4      | Noticed an ogre
  3915 | D:4      | Killed an ogre
  3915 | D:4      | Reached skill level 5 in Fighting
  3915 | D:4      | Reached skill level 6 in Axes
  3915 | D:4      | Reached XP level 6. HP: 54/56 MP: 5/5
  4241 | D:4      | Noticed Nicoed's ghost (novice OgNe)
  4268 | D:4      | Killed from afar by Nicoed's ghost

Skill      XL: |  1  2  3  4  5 |
---------------+----------------+-----
Axes           | 4 5 6 |  6.4
Fighting       | 4 5 |  5.2
Armour         | 3 4 |  4.3
Dodging        | 3 |  3.0

Action                   |  1- 3 |  4- 6 || total
-------------------------+-------+-------++-------
Melee: Hand axe          |   104 |    80 ||   184
       Headbutt          |    14 |    19 ||    33
Throw: Stone             |    21 |    16 ||    37
       Tomahawk          |       |    11 ||    11
  Use: Scroll            |     1 |     1 ||     2
  Eat: Chunk             |     2 |     5 ||     7
       Ration            |       |     1 ||     1
Armor: Animal skin       |    12 |       ||    12
       Leather armour    |    17 |     2 ||    19
       Ring mail         |       |    18 ||    18
Dodge: Dodged            |    60 |    28 ||    88
